 Dungeon Crawl Stone Soup version 0.16-a0-3827-g034e2a6 (webtiles) character file.

102 Herrn the Conjurer (level 4, 0/25 HPs)
             Began as a Tengu Fire Elementalist on Jan 29, 2015.
             Slain by a gnoll
             ... wielding a +0 halberd
              (11 damage)
             ... on level 2 of the Dungeon.
             The game lasted 00:10:10 (2662 turns).

Herrn the Conjurer (Tengu Fire Elementalist)        Turns: 2662, Time: 00:10:10

Health: 0/25       AC:  3    Str:  9    XL:     4   Next: 78%
Magic:  3/8        EV: 12    Int: 16    God:
Gold:   108        SH:  0    Dex:  9    Spells: 1 memorised, 6 levels left

rFire  . . .     SeeInvis .     j - -1 dagger (curse)
rCold  . . .     Clarity  .     a - +1 robe
rNeg   . . .     SustAb   .     (no shield)
rPois  .         Gourm    .     (helmet restricted)
rElec  .         Spirit   .     (no cloak)
rCorr  .         Warding  .     (no gloves)
rMut   .         Stasis   .     (boots unavailable)
MR     .....                    n - amulet of faith
Stlth  ++........               (no ring)
                                o - -5 ring of dexterity (curse)

@: not resistant to hostile enchantments, unstealthy
A: beak, talons 3
a: no special abilities


You were on level 2 of the Dungeon.
You were very hungry.

You visited 1 branch of the dungeon, and saw 2 of its levels.

You collected 108 gold pieces.

Inventory:

Hand weapons
 j - a cursed -1 dagger (weapon)
Armour
 a - a +1 robe (worn)
Jewellery
 n - an amulet of faith (around neck)
 o - a cursed -5 ring of dexterity (left hand)
Scrolls
 f - a scroll of magic mapping
 h - a scroll of blinking
 k - a scroll of teleportation
Potions
 e - a potion of brilliance {unknown}
 m - a potion of heal wounds {unknown}
 p - a potion of haste {unknown}
Books
 b - a book of Flames

   Spells                             Type                      Level
   a - Flame Tongue                   Conjuration/Fire             1
   b - Throw Flame                    Conjuration/Fire             2
   c - Conjure Flame                  Conjuration/Fire             3
   d - Inner Flame                    Hexes/Fire                   3
   e - Sticky Flame                   Conjuration/Fire             4
   f - Fireball                       Conjuration/Fire             5
Comestibles
 c - 3 bread rations
 d - 4 fruits
 g - 2 chunks of flesh


   Skills:
 * Level 1.1 Fighting
 + Level 3.0 Dodging
 - Level 2.0 Stealth
 - Level 2.0 Spellcasting
 * Level 4.1 Conjurations
 - Level 4.0 Fire Magic


You had 6 spell levels left.
You knew the following spells:

 Your Spells              Type           Power        Failure   Level  Hunger
a - Flame Tongue          Conj/Fire      ##...        4%          1    #......


Dungeon Overview and Level Annotations

Branches:
Dungeon (2/15)

Altars:
Sif Muna

Annotations:
D:2 Robin


Innate Abilities, Weirdness & Mutations

You have a beak for a mouth.
You have claws for feet.


Message History

The flame tongue hits the quokka.
You kill the quokka!
The gnoll hits you from afar with a halberd!
Ouch! That really hurt!
* * * LOW HITPOINT WARNING * * *
You see here a stone.
You see here 24 stones.
There is an open door here.
There is an open door here.
Drink which item? (? for menu, Esc to quit)
It was a potion of curing.
You feel better.
Casting: Flame Tongue
Confirm with . or Enter, or press ? or * to list all spells.
Aiming: Flame Tongue
Press: ? - help, Shift-Dir - straight line, f - gnoll
Aim: a gnoll, wielding a halberd The flame tongue hits the gnoll.
The gnoll is moderately wounded.
The gnoll hits you from afar with a halberd!
You die...

#.# #........##.#g# #(#
#.#####.....#.##### #.# #.#
########รท...... #.#
#..........'......> #.#
############....... #.#
#....... #.# ######
#####.......
##.#####....######...........
#......'..g.@....#...........
########....####.#.....######
###### #.#.....# #.#######
#.# #.# #.############
#.##.........#
#########.##..........


You could see a gnoll.

Vanquished Creatures
  A gnoll (D:2)
  2 adders (D:2)
  A giant mite (D:2)
  3 worms (D:2)
  2 giant geckos (D:2)
  2 oozes (D:1)
  4 bats
  8 goblins
  6 hobgoblins
  7 kobolds
  A quokka (D:2)
  4 ball pythons
  A giant cockroach (D:2)
  A giant newt (D:1)
  3 jackals (D:1)
  7 rats
53 creatures vanquished.

Notes
Turn   | Place    | Note
--------------------------------------------------------------
     0 | D:1      | Herrn, the Tengu Fire Elementalist, began the quest for the Orb.
     0 | D:1      | Reached XP level 1. HP: 10/10 MP: 3/3
   333 | D:1      | Reached XP level 2. HP: 13/15 MP: 0/5
  1312 | D:1      | Reached XP level 3. HP: 18/20 MP: 1/7
  1469 | D:2      | Reached skill level 4 in Fire Magic
  1617 | D:2      | Found a deep blue altar of Sif Muna.
  2084 | D:2      | Reached XP level 4. HP: 24/24 MP: 3/8
  2453 | D:2      | Noticed Robin
  2544 | D:2      | Reached skill level 1 in Fighting
  2662 | D:2      | Slain by a gnoll

Action                   |  1- 3 |  4- 6 || total
-------------------------+-------+-------++-------
Melee: Unarmed           |    22 |       ||    22
       Dagger            |       |     1 ||     1
 Cast: Flame Tongue      |    70 |    44 ||   114
  Use: Scroll            |       |     4 ||     4
       Potion            |       |     1 ||     1
  Eat: Chunk             |     3 |     3 ||     6
